 Dungeon Crawl Stone Soup version 0.20.0-8-g6b59dc7 (webtiles) character file.

233 Monsterracer the Chopper (level 6, -3/47 HPs)
             Began as a Formicid Berserker on June 2, 2017.
             Was a Believer of Trog.
             Slain by a wyvern zombie (8 damage)
             ... on level 3 of the Dungeon.
             The game lasted 00:05:51 (3435 turns).

Monsterracer the Chopper (Formicid Berserker)       Turns: 3435, Time: 00:05:52

Health: -3/47      AC:  7    Str: 21    XL:     6   Next: 26%
Magic:  6/6        EV: 10    Int:  7    God:    Trog [**....]
Gold:   217        SH:  0    Dex: 12    Spells: 5/5 levels left

rFire    . . .     SeeInvis +   a - +0 hand axe
rCold    . . .     Gourm    .   (no shield)
rNeg     . . .     Faith    .   b - +0 scale mail
rPois    .         Spirit   .   (helmet unavailable)
rElec    .         Reflect  .   (no cloak)
rCorr    .         Harm     .   e - +0 pair of gloves
MR       ++...                  (no boots)
Stlth    ..........             (no amulet)
Regen    1.2/turn               (no ring)
MPRegen  0.1/turn               (no ring)

@: regenerating
A: permanent stasis, dig shafts and tunnels, four strong arms, antennae 3
a: Dig, Shaft Self, Trog's Hand, Burn Spellbooks, Renounce Religion


You were on level 3 of the Dungeon.
You worshipped Trog.
Trog was pleased with you.
You were very hungry.

You visited 1 branch of the dungeon, and saw 3 of its levels.

You collected 217 gold pieces.

Inventory:

Hand Weapons
 a - a +0 hand axe (weapon)
Armour
 b - a +0 scale mail (worn)
 e - a +0 pair of gloves (worn)
Scrolls
 d - a scroll of fear
 h - a scroll of teleportation {unknown}
Potions
 g - a potion of heal wounds
Comestibles
 c - 3 bread rations
 f - 2 meat rations


   Skills:
 - Level 3.2 Fighting
 + Level 6.5 Axes
 - Level 2.1 Armour
 - Level 1.7 Dodging


You had 5 spell levels left.
You didn't know any spells.

Dungeon Overview and Level Annotations

Branches:
Dungeon (3/15)

Altars:
Gozag
Qazlal
Trog


Innate Abilities, Weirdness & Mutations

You cannot be hasted, slowed, berserked, paralysed or teleported.
You can dig through walls and to a lower floor.
Your four strong arms can wield two-handed weapons with a shield.
You have a pair of large antennae on your head. (SInv)


Message History

The wyvern zombie misses you. The wyvern zombie barely misses you.
You barely miss the wyvern zombie.
The wyvern zombie is heavily damaged.
The wyvern zombie barely misses you.
Your skin crawls.
You feel resistant to hostile enchantments.
You feel somewhat more hungry. The wyvern zombie barely misses you.
The wyvern zombie misses you.
You hit the wyvern zombie.
The wyvern zombie is heavily damaged.
The wyvern zombie bites you but does no damage.
You barely miss the wyvern zombie.
The wyvern zombie is heavily damaged.
You are feeling very hungry.
The wyvern zombie bites you.
* * * LOW HITPOINT WARNING * * *
You hit the wyvern zombie.
The wyvern zombie is severely damaged.
The wyvern zombie bites you!
You die...

# #.###.##.....# #.
#.##..#....... #..
##.##..#.......
#.#..#####....)))..._...
.......#.....#.#.....).
#...(.....#)#.......
#.#.##..#...##.....#
#Z##..###.####.###
#@##..# #... ... #.##...
.... ..## #.###.#######
# ..# #.# ### #.# #.#
#.# ######### #.#
#....##.####.##


You could see a wyvern zombie.

Vanquished Creatures
  2 orc priests (D:3)
  An orc wizard (D:3)
  Robin (D:2)
  3 adders (D:3)
  An ooze (D:1)
  2 worms
  A dart slug (D:2)
  A leopard gecko (D:1)
  10 orcs (D:3)
  A ball python (D:2)
  9 bats
  3 giant cockroaches (D:1)
  16 goblins
  6 hobgoblins (D:2)
  3 jackals (D:3)
  12 kobolds
  7 frilled lizards
  8 rats
87 creatures vanquished.

Notes
Turn   | Place    | Note
-------+----------+-------------------------------------------
     0 | D:1      | Monsterracer the Formicid Berserker began the quest for the Orb.
     0 | D:1      | Reached XP level 1. HP: 18/18 MP: 1/1
   150 | D:1      | Reached XP level 2. HP: 21/24 MP: 2/2
   377 | D:1      | Reached skill level 4 in Axes
   377 | D:1      | Reached XP level 3. HP: 11/29 MP: 3/3
  1438 | D:2      | Reached ** piety under Trog
  1567 | D:2      | Noticed Robin
  1608 | D:2      | Reached XP level 4. HP: 24/35 MP: 4/4
  1628 | D:2      | Killed Robin
  1890 | D:2      | Found an opulent altar of Gozag.
  2121 | D:2      | Reached skill level 5 in Axes
  2553 | D:3      | Reached XP level 5. HP: 35/41 MP: 5/5
  2948 | D:3      | Reached skill level 6 in Axes
  3036 | D:2      | Found a bloodstained altar of Trog.
  3172 | D:3      | Reached XP level 6. HP: 43/47 MP: 6/6
  3342 | D:3      | Found a stormy altar of Qazlal.
  3406 | D:3      | Reached *** piety under Trog
  3435 | D:3      | Slain by a wyvern zombie

Skill      XL: |  1  2  3  4  5 |
---------------+----------------+-----
Axes           | 4 5 6 |  6.5
Fighting       | |  3.2
Armour         | |  2.1
Dodging        | |  1.7

Action                   |  1- 3 |  4- 6 || total
-------------------------+-------+-------++-------
Melee: Hand axe          |   106 |   182 ||   288
Invok: Trog's Hand       |     1 |     1 ||     2
 Abil: Dig               |     1 |       ||     1
  Use: Potion            |     2 |     1 ||     3
       Scroll            |     3 |       ||     3
  Eat: Chunk             |     1 |     7 ||     8
Armor: Animal skin       |    19 |       ||    19
       Ring mail         |    11 |    23 ||    34
       Scale mail        |       |    38 ||    38
Dodge: Dodged            |    67 |   110 ||   177
